 Dungeon Crawl Stone Soup version 0.18.1-50-g88ac8fd (webtiles) character file.

177 go0n the Skirmisher (level 5, -2/37 HPs)
             Began as a Gargoyle Fighter on Sept 25, 2016.
             Slain by a river rat (3 damage)
             ... on level 2 of the Dungeon.
             The game lasted 00:08:29 (2682 turns).

go0n the Skirmisher (Gargoyle Fighter)              Turns: 2682, Time: 00:08:30

Health: -2/37      AC: 14    Str: 21    XL:     5   Next: 57%
Magic:  5/5        EV:  8    Int:  8    God:
Gold:   127        SH: 10    Dex:  9    Spells: 0 memorised, 4 levels left

rFire  . . .     SeeInvis .     q - +1 whip (venom)
rCold  . . .     Gourm    .     p - +0 ring mail (curse)
rNeg   + . .     Faith    .     c - +1 shield
rPois  ∞         Spirit   .     (no helmet)
rElec  +         Dismiss  .     (no cloak)
rCorr  .         Reflect  .     m - +2 pair of gloves
SustAt .         Harm     .     (no boots)
MR     .....                    (no amulet)
Stlth  ..........               (no ring)
                                (no ring)

@: not resistant to hostile enchantments, extremely unstealthy
A: thin metallic scales 1, negative energy resistance 1, robust 1, electricity
resistance, unbreathing, petrification resistance, rot immunity, subdued magic
1, AC +4
a: no special abilities


You were on level 2 of the Dungeon.
You were not hungry.

You visited 1 branch of the dungeon, and saw 3 of its levels.
You also visited: Sewer.

You collected 127 gold pieces.

Inventory:

Hand Weapons
 a - a +0 flail
 q - a +1 whip of venom (weapon)
Missiles
 i - 6 needles of frenzy
 j - 6 tomahawks (quivered)
Armour
 b - a +0 scale mail
 c - a +1 shield (worn)
 g - a +0 scale mail
 m - a +2 pair of gloves (worn)
 p - a cursed +0 ring mail (worn)
Scrolls
 h - 3 scrolls of identify
 s - a scroll of fear
 v - a scroll of recharging
 w - a scroll of magic mapping {unknown}
Potions
 d - a potion of flight
 e - a potion of agility
 x - a potion of mutation
Comestibles
 f - a bread ration
 l - a beef jerky
 o - 2 meat rations
 u - a chunk of flesh


   Skills:
 + Level 4.8 Fighting
 + Level 3.5 Maces & Flails
 - Level 3.2 Armour
 + Level 4.6 Shields


You had 4 spell levels left.
You didn't know any spells.

Dungeon Overview and Level Annotations

Branches:
Dungeon (3/15)

Altars:


Innate Abilities, Weirdness & Mutations

You are resistant to torment.
Your stone body is resilient (AC +4).
You are immune to poison.
You resist negative energy.
You are resistant to electric shocks.
You can survive without breathing.
You are immune to petrification.
You are immune to rotting.
You are partially covered in thin metallic scales (AC +2).
You are robust (+10% HP).
Your spells are a little easier to cast, but a little less powerful.


Message History

There is a stone staircase leading up here.
You block the river rat's attack.
You climb upwards.
There is a stone staircase leading down here.
You closely miss the river rat.
The river rat bites you but does no damage.
Your shield prevents you from hitting the river rat.
The river rat bites you.
* * * LOW HITPOINT WARNING * * *
You barely miss the river rat. You block the river rat's attack.
You hit the river rat but do no damage.
The river rat is poisoned.
The river rat bites you!
* * * LOW HITPOINT WARNING * * *
You hit the river rat.
The river rat is moderately wounded.
The river rat closely misses you.
You hit the river rat but do no damage.
The river rat looks even sicker.
The river rat is moderately wounded.
The river rat bites you.
You die...

............# ###
............###[#####
###.........#.......#
#.........#.#.###.#
###.........#.#.# #.#
#.+....##'###.#.###.#
#.#....##.###'#.....#
#........)......########
.......(........@r#....#########
#..............................#
#.########.##'#...#.##.###.#..##
#...................#..#.......#
#...................#..........#
#.########.##.##..#........#.###
#.# #..#.#............#.# #.#
##.#.#............#.### ..#
#######.#.#....#.#.#.......#


You could see a river rat.

Vanquished Creatures
  A scorpion (D:3)
  2 gnolls
  4 adders
  A river rat (D:3)
  2 worms (D:3)
  3 giant geckos
  An orc (D:3)
  8 ball pythons
  A giant cockroach (D:1)
  4 goblins
  7 hobgoblins
  3 kobolds
  9 bats
  3 giant newts
  8 rats
57 creatures vanquished.

Notes
Turn   | Place    | Note
--------------------------------------------------------------
     0 | D:1      | go0n the Gargoyle Fighter began the quest for the Orb.
     0 | D:1      | Reached XP level 1. HP: 14/14 MP: 1/1
    83 | D:1      | Reached XP level 2. HP: 14/19 MP: 2/2
  1041 | D:1      | Reached XP level 3. HP: 7/23 MP: 3/3
  1681 | D:2      | Reached XP level 4. HP: 29/29 MP: 4/4
  2284 | D:3      | Reached XP level 5. HP: 33/34 MP: 5/5
  2573 | D:3      | Found a glowing drain.
  2600 | Sewer    | Entered a sewer
  2600 | Sewer    | Noticed Scuka's ghost (amateur TrMo)
  2609 | Sewer    | Gained mutation: Your spells are a little easier to cast, but a little less powerful. [potion of mutation]
  2609 | Sewer    | Gained mutation: You are partially covered in thin metallic scales (AC +2). [potion of mutation]
  2609 | Sewer    | Gained mutation: You are robust (+10% HP). [potion of mutation]
  2680 | D:2      | HP: 1/37 [river rat (7)]
  2682 | D:2      | Slain by a river rat

Skill      XL: |  1  2  3  4 |
---------------+-------------+-----
Shields        | 4 |  4.6
Fighting       | 4 |  4.8
Maces & Flails | 3 |  3.5
Armour         | |  3.2

Action                   |  1- 3 |  4- 6 || total
-------------------------+-------+-------++-------
Melee: Flail             |   113 |       ||   113
       Whip              |     9 |   108 ||   117
  Use: Scroll            |     8 |       ||     8
       Potion            |     2 |     8 ||    10
  Eat: Chunk             |     2 |     4 ||     6
Armor: Scale mail        |    71 |       ||    71
       Ring mail         |     2 |    48 ||    50
Dodge: Dodged            |    54 |    32 ||    86
Block: Shield            |    63 |    82 ||   145
